 Dungeon Crawl Stone Soup version 0.30-a0-154-gb106f4c828 (webtiles) character file.

Game seed: 767128623470274829

24 Aibolit the Firebug (level 3, -5/26 HPs)
             Began as a Hill Orc Fire Elementalist on Sept 27, 2022.
             Slain by a worm (10 damage)
             ... on level 2 of the Dungeon.
             The game lasted 00:04:14 (1273 turns).

Aibolit the Firebug (Hill Orc Fire Elementalist)    Turns: 1273, Time: 00:04:15

Health: -5/26      AC:  2    Str:  9 (10) XL:     3   Next: 2%
Magic:  5/5        EV: 12    Int: 14 (17) God:
Gold:   55         SH:  0    Dex:  9 (11) Spells: 4/5 levels left

rFire   . . .      SeeInvis .    e - +0 dagger (spect)
rCold   . . .      Faith    .    (no shield)
rNeg    . . .      Spirit   .    a - +0 robe
rPois   .          Reflect  .    (no helmet)
rElec   .          Harm     .    (no cloak)
rCorr   .          Rampage  .    (no gloves)
Will    .....                    (no boots)
Stlth   ++........               c - amulet of regeneration
HPRegen 0.88/turn                (no ring)
MPRegen 0.09/turn                (no ring)

@: brilliant, flying
A: no striking features
a: no special abilities


You were on level 2 of the Dungeon.
You visited 1 branch of the dungeon, and saw 2 of its levels.

You collected 55 gold pieces.

Inventory:

Hand Weapons
 e - a +0 spectral dagger (weapon)
Armour
 a - a +0 robe (worn)
Jewellery
 c - an amulet of regeneration (around neck)
Scrolls
 k - a scroll of identify
Potions
 b - 2 potions of magic
 i - 2 potions of heal wounds


   Skills:
 + Level 1.8 Dodging
 + Level 1.9 Stealth
 + Level 1.8 Spellcasting
 + Level 1.4 Conjurations
 + Level 3.5 Fire Magic


You had 4 spell levels left.
You knew the following spells:

 Your Spells              Type           Power      Damage    Failure   Level
a - Foxfire               Conj/Fire      48%        2x1d6     9%          1

Your spell library contained the following spells:

 Spells                   Type           Power      Damage    Failure   Level
 Scorch                   Fire           32%        2d7       9%          2
 Slow                     Hex            4%         N/A       24%         1
 Inner Flame              Hex/Fire       9%         N/A       34%         3
 Ignite Poison            Fire/Tmut/Pois 6%         N/A       41%         3
 Kindle Blastsparks       Fire/Tloc/Air  12%        2d11      41%         3
 Mephitic Cloud           Conj/Pois/Air  3%         N/A       52%         3
 Confusing Touch          Hex            1%         N/A       58%         3
 Vampiric Draining        Necr           1%         2d6       58%         3
 Flame Wave               Conj/Fire      12%        2d6       65%         4
 Freezing Cloud           Conj/Ice/Air   1%         6-21      99%         5


Dungeon Overview and Level Annotations

Branches:
Dungeon (2/15)

Altars:


Message History

The jackal closely misses you. The jackal misses you. The worm misses you.
You have nothing you can fire or use right now.
This spell is extremely dangerous to cast!
Memorise Kindle Blastsparks, consuming 3 spell levels and leaving 1?
The jackal bites you.
Your memorisation is interrupted.
There are monsters nearby!
You hit the worm.
The worm is severely wounded.
The jackal closely misses you. The worm bites you.
* * * LOW HITPOINT WARNING * * *
The jackal barely misses you.
You hit the worm.
The worm is almost dead.
The jackal bites you but does no damage.
You hit the worm but do no damage.
The worm is almost dead.
The jackal closely misses you. The worm bites you.
* * * LOW HITPOINT WARNING * * *
You hit the worm.
The worm is almost dead.
The jackal bites you.
* * * LOW HITPOINT WARNING * * *
The jackal bites you but does no damage.
The worm barely misses you.
You hit the worm but do no damage.
The worm is almost dead.
The jackal barely misses you.
You hit the worm but do no damage.
The worm is almost dead.
The jackal misses you. The worm bites you but does no damage.
The jackal barely misses you.
You hit the worm.
The worm is almost dead.
The jackal bites you but does no damage.
You barely miss the worm.
The worm is almost dead.
The jackal bites you.
* * * LOW HITPOINT WARNING * * *
The worm bites you!
You die...

#.# #.# #.#
#.# #h# #h#
#h# #h# #....
#@# ##....
#w#########
.#.....
#w.)ww....#
.......
#########.#
##..... #.#
.......######
#w#
............#
#w# #.......#
#.# #.......#
#.#


You could see 2 worms and 4 jackals.

Vanquished Creatures
  3 endoplasms (D:1)
  A giant cockroach (D:1)
  3 hobgoblins
  A quokka (D:2)
  2 ball pythons (D:1)
  2 bats (D:1)
  A frilled lizard (D:1)
  6 goblins
  4 rats
23 creatures vanquished.

Vanquished Creatures (others)
  40 foxfires
40 creatures vanquished.

Grand Total: 63 creatures vanquished

Notes
Turn   | Place    | Note
-------+----------+-------------------------------------------
     0 | D:1      | Aibolit the Hill Orc Fire Elementalist began the quest for
                  | the Orb.
     0 | D:1      | Reached XP level 1. HP: 14/14 MP: 3/3
   430 | D:1      | Reached XP level 2. HP: 19/20 MP: 1/4
  1176 | D:2      | Reached XP level 3. HP: 25/26 MP: 2/5
  1273 | D:2      | Slain by a worm

Illustrated notes

Levels and vault maps discovered:
D:1:      wander_arrival_lonely_grave, layout_basic
D:2:      layout_basic

Action                   || total
-------------------------++-------
Melee: Unarmed           ||    15
       Dagger            ||   135
       Punch             ||     1
 Cast: Foxfire           ||    38
  Use: Potion            ||     7
       Scroll            ||     2
Armor: Robe              ||    36
Dodge: Dodged            ||   134

Table legend: (Time is in decaauts)
 A = Elapsed time spent in this place.
 B = Non-inter-level travel time spent in this place.
 C = Inter-level travel time spent in this place.
 D = Time resting spent in this place.
 E = Time spent auto-exploring this place.
 F = Levels seen in this place.
 G = Mean time per level.
                   A        B        C        D        E       F      G
               +--------+--------+--------+--------+--------+-----+--------+
         Total |   1260 |   1226 |     34 |     43 |    860 |   2 |  630.0 |
       Dungeon |   1260 |   1226 |     34 |     43 |    860 |   2 |  630.0 |
               +--------+--------+--------+--------+--------+-----+--------+

Top non-repeatable levels by time:
     D:1: 1118 daAuts
     D:2: 141 daAuts
